 Dungeon Crawl Stone Soup version 0.16.1-51-g6203257 (webtiles) character file.

32738 hannobal the Basher (level 14, 0/108 HPs)
             Began as a Human Wanderer on July 15, 2015.
             Was a High Priest of Ru.
             Slain by an eight-headed hydra (11 damage)
             ... on level 3 of the Lair of Beasts on July 16, 2015.
             The game lasted 01:57:44 (24457 turns).

hannobal the Basher (Human Wanderer)               Turns: 24457, Time: 01:57:44

Health: 0/108      AC:  9    Str: 21    XL:     14   Next: 4%
Magic:  21/21      EV: 12    Int: 17    God:    Ru [*****.]
Gold:   58         SH:  0    Dex: 17    Spells: 3 memorised, 11 levels left

rFire  + . .     SeeInvis .     a - +2 great mace (venom)
rCold  . . .     Clarity  .     F - +1 ring mail {rN+}
rNeg   + . .     SustAb   .     (no shield)
rPois  .         Gourm    .     e - +1 helmet {Int+3}
rElec  .         Spirit   .     E - +2 cloak "Leinki Kovie" {Str+6}
rCorr  .         Warding  .     l - +1 pair of gloves {Dex+3}
rMut   .         Stasis   .     x - +0 pair of boots
MR     +....                    R - amulet of regeneration
Stlth  ..........               w - ring of protection from fire
                                (no ring)

@: somewhat resistant to hostile enchantments, extremely unstealthy
A: mutation resistance 1, screaming 1, no stealth, hated by all, vulnerability
to harm 2, slow reflexes 1, unskilled 1
a: Draw Out Power, Power Leap, Apocalypse, Renounce Religion


You were on level 3 of the Lair of Beasts.
You worshipped Ru.
Ru was extremely pleased with you.
You were not hungry.

You visited 4 branches of the dungeon, and saw 19 of its levels.
You also visited: Ossuary.

You collected 2062 gold pieces.
You spent 2004 gold pieces at shops.

Inventory:

Hand weapons
 a - a +2 great mace of venom (weapon)
 b - the +8 bow of Krishna "Sharnga" {speed, Dex+3 SInv}
   (You acquired it on level 4 of the Orcish Mines)

   Attacks with this weapon are significantly faster.
   It affects your dexterity (+3).
   It enhances your eyesight.
 h - a +0 blowgun
 s - a +1 great mace of protection
 I - a +4 whip of electrocution
Missiles
 c - 10 arrows of frost
 d - 38 poisoned needles
 g - 187 arrows
 n - 46 tomahawks
 t - 18 poisoned tomahawks (quivered)
 z - 3 tomahawks of dispersal
 Z - 2 javelins
Armour
 e - a +1 helmet of intelligence (worn)
 l - a +1 pair of gloves of dexterity (worn)
 o - a +0 leather armour of cold resistance
 p - a +0 plate armour
 x - a +0 pair of boots (worn)
 E - the +2 cloak "Leinki Kovie" (worn) {Str+6}
   (You bought it in a shop on level 8 of the Dungeon)

   It affects your strength (+6).
 F - a +1 ring mail of positive energy (worn)
 H - a +2 leather armour of fire resistance
 Y - a +2 leather armour of poison resistance
Jewellery
 w - a ring of protection from fire (right hand)
 R - an amulet of regeneration (around neck)
Magical devices
 M - a wand of disintegration (5)
Scrolls
 j - 2 scrolls of magic mapping
 r - 4 scrolls of remove curse
 u - 2 scrolls of fog
 y - 2 scrolls of fear
 A - 4 scrolls of teleportation
 J - a scroll of recharging
 K - 9 scrolls of identify
 L - 3 scrolls of blinking
Potions
 k - 4 potions of curing
 m - a potion of magic
 q - a potion of heal wounds
 D - a potion of might
 O - a potion of cancellation
 Q - a potion of agility
Comestibles
 f - 5 bread rations
 i - 8 chunks of flesh
 v - 9 meat rations
 B - a slice of pizza


   Skills:
 - Level 9.1 Fighting
   Level 0.8 Long Blades
 + Level 14.4 Maces & Flails
 - Level 4.0 Bows
 - Level 1.4 Throwing
 - Level 4.6 Armour
 - Level 7.0 Dodging
   Level 5.0 Shields
 - Level 2.6 Spellcasting
   Level 0.8 Hexes
 - Level 2.0 Charms
   Level 0.8 Necromancy
 - Level 3.0 Translocations
 - Level 2.1 Air Magic
 - Level 1.1 Evocations


You had 11 spell levels left.
You knew the following spells:

 Your Spells              Type           Power        Failure   Level  Hunger
a - Flight                Chrm/Air       #.........   38%         3    ###....
b - Blink                 Tloc           N/A          14%         2    ##.....
r - Repel Missiles        Chrm/Air       #.....       21%         2    ##.....


Dungeon Overview and Level Annotations

Branches:
Dungeon (11/15)            Temple (1/1) D:5            Lair (3/8) D:11
    Orc (4/4) D:11            Elf (0/3) Orc:4
  Swamp: Lair:3-6    Shoals: Lair:3-6     Snake: Lair:3-6    Spider: Lair:3-6

Altars:
Ashenzari
Cheibriados
Dithmenos
Elyvilon
Fedhas
Gozag
Kikubaaqudgha
Makhleb
Nemelex Xobeh
Okawaru
Qazlal
Ru
Sif Muna
Trog
Vehumet
Xom
Yredelemnul
Zin
The Shining One

Shops:
D:8 [[[   D:11 ([   Orc:2 }   Orc:4 ?[*(

Annotations:
Orc:1 Psyche
Orc:2 exclusion: 2 upstairs
Orc:3 exclusion: upstairs
Orc:4 high priests!


Innate Abilities, Weirdness & Mutations

You occasionally shout uncontrollably at your foes.
You cannot be stealthy.
You are hated by all.
You take more damage. (-6 AC)
You have somewhat slow reflexes. (-3 EV)
You are somewhat unskilled (-1 Apt).
You are somewhat resistant to further mutation.


Message History

* * * LOW HITPOINT WARNING * * *
The eight-headed hydra bites you.
* * * LOW HITPOINT WARNING * * *
You focus your will and illuminate the eight-headed hydra in retribution!
The eight-headed hydra bites you.
* * * LOW HITPOINT WARNING * * *
The eight-headed hydra bites you!
* * * LOW HITPOINT WARNING * * *
The eight-headed hydra closely misses you.
The river rat bites the fungus!
The river rat bites the fungus.
You sock the eight-headed hydra!
The eight-headed hydra is severely wounded.
The blink frog begins to attack, but is stunned by your will!
The blink frog hits you.
* * * LOW HITPOINT WARNING * * *
The blink frog blinks!
The eight-headed hydra bites you.
* * * LOW HITPOINT WARNING * * *
The eight-headed hydra barely misses you.
The eight-headed hydra bites you!
You die...

# ...........# ..#
...........## #..
....#.......P# ..
.....#.P......# #.
...........rr.## #
.............rr#
..............rr#
#..............PD#
.##......#.P...#@#
...............ยง.#
.#.............#.#
..................#
.#...............#
##.....P.........#
.#...............#
.................#
..................


You could see an eight-headed hydra and 6 river rats.

Vanquished Creatures
  The ghost of EmilioHeskey the Fighter, a powerful DrBe of Trog (D:10)
  2 hydras
  4 orc high priests
  2 unseen horrors (D:11)
  Pikel (D:7)
  A hill giant (D:11)
  5 orc knights
  4 orc sorcerers (Orc:4)
  A black mamba (Lair:2)
  A queen ant (Lair:2)
  3 komodo dragons
  A spiny frog (Lair:3)
  2 hellwings (Orc:4)
  A kobold demonologist (D:11)
  A red devil (Orc:4)
  A blue devil (Orc:4)
  A two-headed ogre (D:11)
  2 polar bears
  4 trolls
  2 blink frogs (Lair:3)
  4 yaks
  The ghost of raikaria the Cutter, an average KoAM (Ossuary)
  A spriggan (D:7)
  A shadow (D:11)
  2 wyverns
  3 water elementals
  2 deep elf magi
  2 hungry ghosts (D:10)
  A neqoxec (Orc:4)
  A warg (Orc:2)
  14 soldier ants
  3 hippogriffs
  5 water moccasins
  A mottled dragon (D:11)
  5 wolves
  4 porcupines
  2 ice beasts
  31 orc warriors
  A wasp (D:11)
  An eye of draining (D:11)
  A phantom (D:5)
  3 sky beasts
  The ghost of Miyamura the Insei, an average DrTm (D:3)
  4 centaurs
  9 ogres
  7 crocodiles
  12 big kobolds
  A gnoll sergeant (D:8)
  Blork the orc (D:7)
  14 giant frogs
  3 scorpions
  13 killer bees
  A quasit (D:8)
  3 electric eels
  2 crimson imps (D:6)
  3 jellies
  7 wights
  A centaur zombie (D:8)
  2 giant frog zombies (D:5)
  3 giant frog skeletons
  12 hounds
  35 orc priests
  2 centaur skeletons
  33 orc wizards
  43 worker ants
  5 iguanas
  7 sheep (Lair:1)
  Ijyb (D:7)
  13 mummies
  A worker ant zombie (D:7)
  13 adders
  12 gnolls
  33 river rats
  2 giant mites
  6 worms
  An adder zombie (D:7)
  An adder skeleton (D:4)
  7 giant geckos
  2 oozes
  213 orcs
  2 ball pythons
  16 bats
  A bat skeleton (D:7)
  3 bat zombies
  A giant cockroach (D:6)
  17 goblins
  21 hobgoblins
  9 jackals
  25 kobolds
  A ball python skeleton (D:4)
  A giant gecko skeleton (D:5)
  A giant gecko zombie (D:6)
  3 giant newts
  3 gnoll skeletons (Ossuary)
  3 goblin skeletons (Ossuary)
  A kobold skeleton (Ossuary)
  An orc skeleton (Ossuary)
  An orc zombie (Orc:4)
  5 quokkas
  11 rats
  9 rat skeletons (Ossuary)
793 creatures vanquished.

Vanquished Creatures (others)
  A troll (Orc:2)
  3 orc wizards
  A sheep (Lair:1)
  A river rat (Lair:2)
  2 orcs
  2 hobgoblins
  A giant spore (D:8)
  A goblin (Orc:1)
  A kobold (Orc:2)
  2 rat skeletons (Ossuary)
  6 fungi
  4 plants
25 creatures vanquished.

Grand Total: 818 creatures vanquished

Notes
Turn   | Place    | Note
--------------------------------------------------------------
     0 | D:1      | hannobal, the Human Wanderer, began the quest for the Orb.
     0 | D:1      | hannobal set off with: a book of Minor Magic, the Grimoire of Air, a +0 falchion, a +0 robe, a bread ration
     0 | D:1      | Reached XP level 1. HP: 16/16 MP: 4/4
     0 | D:1      | Identified the Grimoire of Air
   263 | D:1      | Reached skill level 1 in Maces & Flails
   367 | D:1      | Reached XP level 2. HP: 19/22 MP: 6/6
   549 | D:1      | Gained mutation: You are somewhat resistant to further mutation. [potion of beneficial mutation]
  1129 | D:1      | Reached XP level 3. HP: 25/27 MP: 7/7
  1633 | D:2      | Reached XP level 4. HP: 31/33 MP: 9/9
  1741 | D:3      | Noticed Miyamura's ghost (average DrTm)
  1870 | D:2      | Found a glowing silver altar of Zin.
  2270 | D:2      | Reached skill level 4 in Maces & Flails
  2270 | D:2      | Reached XP level 5. HP: 29/38 MP: 11/11
  2335 | D:3      | Killed Miyamura's ghost
  2335 | D:3      | Reached skill level 5 in Maces & Flails
  2425 | D:3      | Reached XP level 6. HP: 44/44 MP: 12/12
  2520 | D:3      | Reached skill level 1 in Dodging
  3388 | D:3      | Reached skill level 6 in Maces & Flails
  3442 | D:4      | Reached XP level 7. HP: 47/50 MP: 14/14
  3565 | D:4      | Reached skill level 7 in Maces & Flails
  4198 | D:5      | Entered Level 5 of the Dungeon
  4347 | D:5      | Got a heavily runed leather armour
  4358 | D:5      | Identified the cursed +0 leather armour of the Commoners {rF+ rC- Int+4} (You found it on level 5 of the Dungeon)
  4378 | D:5      | Reached skill level 8 in Maces & Flails
  4378 | D:5      | Reached XP level 8. HP: 42/56 MP: 16/16
  4439 | D:5      | Found a basalt altar of Yredelemnul.
  4873 | D:5      | Reached skill level 9 in Maces & Flails
  4951 | D:5      | Found a staircase to the Ecumenical Temple.
  4957 | Temple   | Entered the Ecumenical Temple
  5176 | Temple   | Became a worshipper of Ru the Awakened
  5918 | D:6      | Reached skill level 10 in Maces & Flails
  6133 | D:6      | Reached XP level 9. HP: 40/61 MP: 17/17
  6281 | D:7      | Found a sand-covered staircase.
  6290 | Ossuary  | Entered an ossuary
  6326 | Ossuary  | Noticed raikaria's ghost (average KoAM)
  6340 | Ossuary  | Killed raikaria's ghost
  6340 | Ossuary  | Reached skill level 11 in Maces & Flails
  6384 | Ossuary  | Gained mutation: You are somewhat unskilled (-1 Apt). [Ru sacrifice]
  6384 | Ossuary  | Reduced skill Fighting to level 1
  6384 | Ossuary  | Reduced skill Maces & Flails to level 10
  6384 | Ossuary  | Acquired Ru's first power
  7219 | D:7      | Reached skill level 11 in Maces & Flails
  7290 | D:7      | Noticed Blork the orc
  7302 | D:7      | Killed Blork the orc
  7521 | D:7      | Noticed Ijyb
  7531 | D:7      | Killed Ijyb
  7593 | D:7      | Reached XP level 10. HP: 67/67 MP: 17/17
  7650 | D:7      | Found a blossoming altar of Fedhas.
  7658 | D:7      | Found a burning altar of Makhleb.
  7658 | D:7      | Found an iron altar of Okawaru.
  7679 | D:7      | Found a glowing golden altar of the Shining One.
  7690 | D:7      | Found an ancient bone altar of Kikubaaqudgha.
  7765 | D:7      | Noticed Pikel
  7779 | D:7      | Killed Pikel
  7779 | D:7      | Reached skill level 12 in Maces & Flails
  8108 | D:8      | Found Pneiw's Armour Shop.
  8121 | D:8      | Bought a +2 leather armour of poison resistance for 176 gold pieces
  8403 | D:6      | Reached skill level 1 in Evocations
  8618 | D:8      | Reached skill level 1 in Shields
  8674 | D:8      | Gained mutation: You are hated by all. [Ru sacrifice]
  8674 | D:8      | Acquired Ru's second power
  8958 | D:8      | Found Rumyfo Goapo's Armour Emporium.
  9043 | D:8      | Found Cringoh's Antique Armour Boutique.
  9047 | D:8      | Bought a crude cloak for 228 gold pieces
  9057 | D:8      | Identified the +2 cloak "Leinki Kovie" {Str+6} (You bought it in a shop on level 8 of the Dungeon)
  9480 | D:8      | Learned a level 2 spell: Repel Missiles
  9483 | D:8      | Learned a level 2 spell: Blink
  9853 | D:9      | Reached skill level 5 in Shields
  9866 | D:9      | Reached skill level 1 in Air Magic
  9984 | D:8      | Reached skill level 1 in Charms
 10418 | D:9      | Reached XP level 11. HP: 70/72 MP: 18/18
 10601 | D:9      | Reached skill level 1 in Armour
 10674 | D:9      | Found a stormy altar of Qazlal.
 10819 | D:10     | Entered Level 10 of the Dungeon
 10830 | D:10     | Noticed EmilioHeskey's ghost (powerful DrBe)
 11153 | D:10     | Gained mutation: You take slightly more damage. (-3 AC) [Ru sacrifice]
 11153 | D:10     | Acquired Ru's third power
 11155 | D:10     | Reached skill level 1 in Translocations
 11499 | D:11     | Found Khiaxito's Armour Shop.
 11499 | D:11     | Found a staircase to the Orcish Mines.
 11500 | D:11     | Found Viol's Weapon Shop.
 11561 | D:11     | Noticed an unseen horror
 11565 | D:11     | Killed an unseen horror
 11924 | D:11     | Noticed a hill giant
 11934 | D:11     | Killed a hill giant
 11934 | D:11     | Reached skill level 5 in Fighting
 12328 | D:10     | Reached skill level 1 in Throwing
 13526 | D:11     | Found a staircase to the Lair.
 13750 | Orc:1    | Entered Level 1 of the Orcish Mines
 13820 | D:11     | Gained mutation: You cannot be stealthy. [Ru sacrifice]
 13820 | D:11     | Acquired Ru's fourth power
 14049 | Lair:1   | Entered Level 1 of the Lair of Beasts
 14099 | Lair:1   | Reached XP level 12. HP: 80/88 MP: 13/19
 14478 | Lair:1   | Learned a level 3 spell: Flight
 14502 | Lair:1   | Noticed an eight-headed hydra
 14585 | Lair:1   | Killed an eight-headed hydra
 14585 | Lair:1   | Reached skill level 5 in Dodging
 15854 | Lair:2   | Noticed a six-headed hydra
 16293 | Lair:2   | Killed a six-headed hydra
 16650 | D:8      | Bought a +1 helmet of intelligence for 181 gold pieces
 17842 | Orc:2    | Found Dysem's Quality Used Wands.
 18311 | Orc:1    | Noticed Psyche
 18395 | Orc:2    | Reached skill level 13 in Maces & Flails
 19038 | Orc:1    | Gained mutation: You occasionally shout uncontrollably at your foes. [Ru sacrifice]
 19052 | Orc:2    | Reached XP level 13. HP: 68/96 MP: 20/20
 19842 | Orc:4    | Entered Level 4 of the Orcish Mines
 20198 | Orc:4    | Found a staircase to the Elven Halls.
 20276 | Orc:4    | Found a shimmering altar of Xom.
 20784 | Orc:4    | Reached skill level 14 in Maces & Flails
 21208 | Orc:2    | Gained mutation: You have somewhat slow reflexes. (-3 EV) [Ru sacrifice]
 21208 | Orc:2    | Acquired Ru's fifth power
 21209 | Orc:2    | Noticed an orc high priest
 21223 | Orc:2    | Killed an orc high priest
 22120 | Orc:4    | Found Ydy Nous' General Store.
 22121 | Orc:4    | Found Cedamim's Weapon Boutique.
 22122 | Orc:4    | Found Estrau's Magic Scroll Shoppe.
 22123 | Orc:4    | Found Immucuz's Armour Boutique.
 22136 | Orc:4    | Bought a +0 great mace for 110 gold pieces
 22136 | Orc:4    | Identified a scroll of acquirement
 22148 | Orc:4    | Bought a scroll of brand weapon for 340 gold pieces
 22154 | Orc:4    | Bought a scroll of magic mapping for 59 gold pieces
 22154 | Orc:4    | Bought a scroll of recharging for 161 gold pieces
 22154 | Orc:4    | Bought a scroll of remove curse for 51 gold pieces
 22154 | Orc:4    | Bought a scroll of fear for 59 gold pieces
 22154 | Orc:4    | Bought a scroll of enchant weapon for 127 gold pieces
 22154 | Orc:4    | Bought a scroll of identify for 34 gold pieces
 22154 | Orc:4    | Bought a scroll of identify for 34 gold pieces
 22154 | Orc:4    | Bought a scroll of identify for 34 gold pieces
 22154 | Orc:4    | Bought a scroll of identify for 34 gold pieces
 22154 | Orc:4    | Bought a scroll of identify for 34 gold pieces
 22154 | Orc:4    | Bought a scroll of blinking for 127 gold pieces
 22154 | Orc:4    | Bought a scroll of identify for 34 gold pieces
 22590 | Lair:3   | Reached skill level 1 in Bows
 22819 | D:8      | Bought a +1 pair of gloves of dexterity for 181 gold pieces
 22912 | D:10     | Killed EmilioHeskey's ghost
 24271 | Lair:3   | Reached XP level 14. HP: 71/108 MP: 21/21
 24397 | Lair:3   | Gained mutation: You take more damage. (-6 AC) [Ru sacrifice]
 24457 | Lair:3   | Slain by an eight-headed hydra

Action                   |  1- 3 |  4- 6 |  7- 9 | 10-12 | 13-15 || total
-------------------------+-------+-------+-------+-------+-------++-------
Melee: Whip              |    86 |   169 |   453 |  1362 |   476 ||  2546
       Flail             |       |       |    19 |       |       ||    19
       Morningstar       |       |       |       |     3 |       ||     3
       Great mace        |       |       |       |       |   273 ||   273
 Fire: Shortbow          |       |       |       |     9 |       ||     9
       Blowgun           |       |       |       |     9 |       ||     9
       Longbow           |       |       |       |       |    13 ||    13
Throw: Javelin           |       |       |    11 |    30 |       ||    41
       Stone             |       |       |     1 |       |       ||     1
       Tomahawk          |       |       |       |    24 |    12 ||    36
 Cast: Repel Missiles    |       |       |       |     1 |       ||     1
Invok: Sacrifice Skill   |       |       |     1 |       |       ||     1
       Sacrifice Love    |       |       |       |     1 |       ||     1
       Power Leap        |       |       |       |    12 |    10 ||    22
       Draw Out Power    |       |       |       |     2 |       ||     2
       Sacrifice Health  |       |       |       |     1 |     2 ||     3
       Sacrifice Stealth |       |       |       |     1 |       ||     1
       Sacrifice Purity  |       |       |       |     1 |       ||     1
       Reject Sacrifices |       |       |       |     1 |       ||     1
       Apocalypse        |       |       |       |       |     2 ||     2
Evoke: Wand              |       |       |     3 |       |       ||     3
  Use: Scroll            |     5 |     2 |    13 |    11 |     5 ||    36
       Potion            |     2 |     4 |     3 |     1 |       ||    10
 Stab: Invisible         |       |       |       |     9 |    11 ||    20
       Distracted        |       |       |       |     1 |     1 ||     2
       Paralysed         |       |       |       |       |     3 ||     3
  Eat: Chunk             |     2 |     8 |    12 |    29 |    15 ||    66
       Royal jelly       |       |       |     1 |     1 |       ||     2
       Pizza             |       |       |     2 |     2 |       ||     4
       Fruit             |       |       |       |     5 |       ||     5
       Beef jerky        |       |       |       |     3 |       ||     3
       Bread ration      |       |       |       |     1 |     2 ||     3
